[Event "WR Chess Masters Cup 2024"]
[Site "London"]
[Date "2024.10.14"]
[Round "1.2"]
[White "Sindarov, Javokhir"]
[Black "Vachier-Lagrave, Maxime"]
[Result "1/2-1/2"]
[ECO "D85"]
[WhiteElo "2668"]
[BlackElo "2735"]
[Annotator "TA"]
[PlyCount "113"]
[EventDate "2024.10.12"]
[EventType "k.o."]
[EventCountry "ENG"]
[SourceTitle "playchess.com"]
[Source "ChessBase"]
[SourceQuality "1"]
[TimeControl "30/3600:20/1800:1800"]

1. d4 Nf6 2. c4 g6 3. Nc3 d5 4. cxd5 Nxd5 5. e4 Nxc3 6. bxc3 Bg7 7. Nf3 c5 8. Bb5+ Nc6 9. O-O O-O 10. Bxc6 bxc6 11. Qc2 Qa5 {[%emt 0:02:14] Wards off Ba3} 12. a4 Rd8 13. Ba3 cxd4 14. cxd4 Bg4 {[%emt 0:00:00] [#] ...Bxf3 would now be deadly.} 15. Ne5 (15. Qxc6 $2 {perishes.} Bxf3 (15... Bxd4 $2 16. Nxd4 Rac8 17. Nb3 $18) 16. gxf3 Qg5+ (16... Bxd4 17. Bxe7 Rdc8 18. Qb5 $15) 17. Kh1 Bxd4 $19) 15... Bxe5 16. dxe5 Qxe5 17. h3 Be6 18. Bxe7 Bb3 19. Qc5 Qxc5 20. Bxc5 a5 21. Rfc1 Rd2 22. Be3 Rc2 23. Rcb1 Be6 24. Rb7 Rc4 25. f3 Kg7 26. h4 h5 27. Bf4 Rb4 28. Rc7 Bb3 29. Be5+ Kg8 30. Ra3 Bxa4 31. Bf6 Bb5 {[%emt 0:00:00] [#]} ({Better is} 31... Rc4 $11) 32. Rxa5 $1 $14 {[%emt 0:00:37] White is more active.} Ra4 (32... Rb1+ 33. Kh2 Rb8 (33... Rxa5 34. Rc8+ Kh7 35. Rh8#) 34. Kg3 $16) 33. Rxa4 Bxa4 {[%emt 0:00:00][%mdl 4096] Endgame. KRB-KRB} 34. Kh2 Bb5 35. Kg3 Re8 36. Kf4 Ba6 37. Kg5 Rc8 $1 38. Ra7 Bc4 39. Kh6 Be6 40. Bg7 c5 41. Ra6 Bc4 42. Rd6 Be6 43. Rd2 Re8 44. Bf6 Kf8 45. Kg5 Kg8 46. Kh6 Kf8 47. Kg5 Kg8 48. g4 hxg4 {[%emt 0:01:04] The position is equal.} 49. fxg4 Kh7 50. Rh2 {[%emt 0:00:00] aiming for h5.} Rg8 $1 51. Kf4 Kh6 $1 52. Rh1 c4 53. Rh2 Bd7 54. Rd2 Be6 55. Rh2 Bd7 56. Rd2 Be6 57. Rh2 {[%emt 0:00:05] Weighted Error Value: White=0.05 (flawless) /Black=0.06 (flawless) .  Mistake:       	---       	Black=1      Inaccurate:     	White=2     	Black=2      OK:         	White=17    	Black=23     Best:        	---       	Black=3      Strong:       	---       	Black=3      Brilliant:      	White=1     	---} 1/2-1/2

[Event "WR Chess Masters Cup 2024"]
[Site "London"]
[Date "2024.10.14"]
[Round "1.2"]
[White "Sadhwani, Raunak"]
[Black "Maghsoodloo, Parham"]
[Result "1-0"]
[ECO "E32"]
[WhiteElo "2659"]
[BlackElo "2719"]
[Annotator "TA"]
[PlyCount "117"]
[EventDate "2024.10.12"]
[EventType "k.o."]
[EventCountry "ENG"]
[SourceTitle "playchess.com"]
[Source "ChessBase"]
[SourceQuality "1"]
[TimeControl "30/3600:20/1800:1800"]

1. d4 Nf6 2. c4 e6 3. Nc3 Bb4 4. Qc2 h6 5. e4 c5 6. d5 {[%emt 0:03:51] E32: Nimzo-Indian: Classical (4 Qc2): 4...0-0.} exd5 7. exd5 b5 8. cxb5 $146 ({Predecessor:} 8. Be3 O-O 9. Bd3 bxc4 10. Bxc4 Bxc3+ 11. Qxc3 d6 12. Ne2 Nbd7 13. O-O Nb6 14. Qd3 {0-1 Rounaiv,R (2099)-Mihajlov,S (2373) Fagernes op 2024 (3)}) 8... O-O 9. Bc4 a6 10. Nge2 axb5 11. Bxb5 Nxd5 12. O-O Bxc3 13. Nxc3 Nb4 14. Qd1 d5 15. a3 d4 16. Ne4 Qd5 17. Nxc5 N4c6 ({Don't go for} 17... Bb7 $2 18. Qg4 f5 (18... Qxc5 $2 19. Bxh6 Qe5 20. axb4 $18) 19. Qg6 $18) 18. b4 Nxb4 19. Bb2 (19. Be2 $5 N4c6 20. Nd3 $11) 19... N4c6 (19... Ra5 $11) 20. Rc1 $16 Rd8 (20... Ba6 $1 $14 21. Nxa6 Qxb5) 21. a4 $16 Ra7 22. Qb3 Qh5 (22... Qg5 $16 23. Rfe1 Na5) 23. Qg3 $18 Bf5 24. Nb3 Qg6 {[%emt 0:02:53] [#]} (24... Qg5 $16 25. Rfe1 (25. Bxc6 Nxc6 26. Rxc6 Rb7 $16) 25... d3) 25. Nxd4 ({Only move:} 25. Bxc6 $1 $18 Nxc6 26. Rxc6 (26. Qxg6 Bxg6 27. Rxc6 Rb7 $16) 26... Qxg3 (26... Qxc6 $2 {is the wrong capture.} 27. Bxd4 Bg6 28. Bxa7 $18) 27. fxg3 Rxa4 28. Rxf5) 25... Rxd4 (25... Nxd4 $16 26. Bxd4 Qxg3 27. fxg3 Rxd4) 26. Bxd4 $18 Qxg3 27. fxg3 Nxd4 {[%emt 0:00:03] [#]} 28. Rcd1 $1 Nbc6 29. Bxc6 Nxc6 30. Rxf5 Rxa4 31. h3 Nd4 32. Rf2 g5 33. Rb2 Kg7 34. Kh2 Ne6 (34... h5 $142 35. Rf2 Kg6) 35. Rb7 $18 Ra8 36. Rf1 Rf8 37. Re7 Nd4 38. h4 Nc6 39. Re4 f6 40. Kh3 Ne5 41. g4 gxh4 42. Kxh4 Rb8 43. Ra4 Ng6+ (43... Rb2 $16 {might work better.}) 44. Kh5 $18 Rb7 45. Rf5 Ne7 46. Rfa5 Nc6 47. Ra6 Rb1 48. Kh4 (48. Rxc6 $2 Rh1#) 48... Rh1+ $2 (48... Ne5 49. Ra8 Rb7) 49. Kg3 $18 Rc1 50. Rb6 Rc3+ (50... Ne7 $142 51. Raa6 Rc7 52. Rxf6 Ng8 53. Rg6+ Kh7) 51. Kh4 $18 Rc1 52. Rb7+ Kg6 53. Ra8 Rh1+ 54. Kg3 h5 55. Rg8+ Kh6 56. Rh8+ Kg6 57. gxh5+ Rxh5 58. Rxh5 Kxh5 59. Rb6 1-0

[Event "WR Chess Masters Cup 2024"]
[Site "London"]
[Date "2024.10.14"]
[Round "1.2"]
[White "Bologan, Victor"]
[Black "Praggnanandhaa R"]
[Result "0-1"]
[ECO "B07"]
[WhiteElo "2608"]
[BlackElo "2746"]
[Annotator "TA"]
[PlyCount "60"]
[EventDate "2024.10.12"]
[EventType "k.o."]
[EventCountry "ENG"]
[SourceTitle "playchess.com"]
[Source "ChessBase"]
[SourceQuality "1"]
[TimeControl "30/3600:20/1800:1800"]

1. e4 e5 2. Nf3 d6 3. g3 Nf6 4. Nc3 g6 5. d4 exd4 6. Nxd4 Bg7 7. Bg2 O-O 8. O-O Bd7 9. h3 Re8 10. g4 Nc6 11. Nde2 h6 12. Ng3 Rb8 13. Be3 b5 {[%emt 0:05:20][%cal Bb7b5,Bb5b4][%mdl 32] The position is equal.} 14. Qd2 Kh7 (14... b4 $11 15. Nce2 Kh7) 15. g5 (15. b3 $14) 15... b4 $1 $15 16. Nce2 Ng8 17. gxh6 Nxh6 (17... Bxb2 $11 18. Rad1 Bf6) 18. f4 ({Better is} 18. Rad1 $14) 18... f5 {[%emt 0:00:52] [#]} ({Black should play} 18... Bxb2 19. Rad1 f5) 19. e5 $1 dxe5 {[%emt 0:01:09] And now ...e4 would win.} 20. Rad1 {[%emt 0:00:34] [#]} (20. Rfd1 $142 $1 Nd4 21. Nxd4 exd4 22. Bxd4) 20... Nd4 $1 $11 21. fxe5 Nxe2+ 22. Nxe2 Bb5 {[%emt 0:02:15] aiming for ...Qxd2.} 23. Qxb4 Qc8 (23... Qxd1 {keeps more tension.} 24. Rxd1 Bxe2 25. Qe1 Bxd1 26. Qxd1 Rbd8) 24. Qd2 Qa6 $36 {[%emt 0:00:36][%mdl 2048] White is under pressure.} 25. Rfe1 {[%emt 0:00:32] This costs White the game.} (25. Nf4 $1 $11) 25... Rbd8 $1 $19 26. Qxd8 (26. Qc3 $142 Rxd1 (26... Bxe2 27. Rxd8 Rxd8 28. Bxh6 $15) (26... Bxe5 27. Bd4 $11) 27. Rxd1 Bxe2 28. Rd7) 26... Rxd8 27. Rxd8 Bxe2 28. e6 Qxe6 (28... Bxb2 $2 {too greedy.} 29. Rd7+ Bg7 30. Bd4 $18 (30. Rxc7 Qd6 $15) (30. Rxc7 Qd6 $15)) (28... Ng8 29. Bf2 $19) 29. Kf2 (29. Bf2 $142 f4 (29... Bxb2 30. Rd2 $17) 30. Rd3) 29... Qe7 30. Rd2 Bb5 {[%emt 0:00:00] Weighted Error Value: White=0.86/Black=0.14 (very precise) .  Loses game:     	White=1     	---        Mistake:       	White=5     	Black=3      Inaccurate:     	White=1     	Black=2      OK:         	White=3     	Black=7      Best:        	White=1     	Black=1      Strong:       	---       	Black=2      Brilliant:      	---       	Black=1} 0-1

[Event "WR Chess Masters Cup 2024"]
[Site "London"]
[Date "2024.10.14"]
[Round "1.2"]
[White "Royal, Shreyas"]
[Black "Anand, Viswanathan"]
[Result "0-1"]
[ECO "D17"]
[WhiteElo "2519"]
[BlackElo "2751"]
[Annotator "TA"]
[PlyCount "112"]
[EventDate "2024.10.12"]
[EventType "k.o."]
[EventCountry "ENG"]
[SourceTitle "playchess.com"]
[Source "ChessBase"]
[SourceQuality "1"]
[TimeControl "30/3600:20/1800:1800"]

1. d4 d5 2. c4 c6 3. Nf3 Nf6 4. Nc3 dxc4 5. a4 Bf5 6. Ne5 Nbd7 7. Nxc4 Nb6 8. Ne5 a5 9. g3 e6 10. Bg2 Bb4 11. O-O {[%emt 0:00:19] The position is equal.} O-O $1 12. e3 h6 $1 13. Qe2 Bh7 14. Rd1 Nfd7 15. Nd3 Qe7 16. e4 e5 17. Nxe5 Nxe5 18. dxe5 Qxe5 19. Be3 Nc8 20. Rac1 Qe6 21. f4 Re8 (21... Bxc3 $2 22. f5 Qe8 (22... Bxf5 $2 23. exf5 Qe5 24. Rxc3 $18) 23. Rxc3 $18 (23. bxc3 b6 $18)) 22. e5 Ne7 23. Ne4 Nd5 24. Bc5 Rad8 25. Bxb4 (25. Nd6 $2 Bxc5+ (25... Rxd6 $2 26. Bxd6 Bxd6 27. Qf2 $19) 26. Rxc5 Rxd6 27. Rxa5 Bf5 $19) 25... Nxb4 26. Nd6 {[%emt 0:01:44] [#]} (26. Rd2 $11) 26... Rxd6 $1 $17 27. Rxd6 Qxd6 28. exd6 Rxe2 29. d7 Rd2 $1 (29... Rxb2 30. d8=Q#) 30. Re1 {[%emt 0:00:00] [#]} Be4 $1 31. Rxe4 Rxd7 {[%emt 0:00:25][%mdl 4096] Endgame. KRB-KRN. Black is more active.} ({Weaker is} 31... Rxb2 32. Re8+ (32. d8=B Rb1+ 33. Bf1 Nd5 $18) (32. d8=Q+ Kh7 $18) 32... Kh7 33. Be4+ (33. d8=B Rb1+ 34. Bf1 Ra1 $18) 33... g6 34. d8=Q (34. d8=B Kg7 $18) 34... Re2 35. Rh8+ (35. Qxa5 Re1+ 36. Kg2 Rxe4 $18) 35... Kg7 36. Rg8+ (36. Qf8+ Kf6 37. Rh7 Re1+ 38. Kg2 Re2+ 39. Kh3 Rxh2+ 40. Kxh2 Ke6 41. Qxf7+ Kd6 42. Qe7#) 36... Kh7 37. Bxg6+ (37. Rh8+ Kg7 38. Rg8+ Kh7 39. Bxg6+ fxg6 40. Rh8+ Kg7 41. Qf8#) 37... fxg6 38. Rh8+ Kg7 39. Qf8#) 32. Re8+ Kh7 33. Be4+ g6 34. f5 {[%emt 0:00:02] [#]} Rd1+ $1 35. Kf2 gxf5 36. Ke2 Ra1 37. Bxf5+ Kg7 38. Rb8 Rxa4 39. Rxb7 Ra2 40. Be6 Rxb2+ 41. Kf3 Kf6 42. Bc4 Ke5 43. Bxf7 Rxh2 44. Ra7 Kf6 45. Be8 (45. Bg8 $17 {was called for.}) 45... Ra2 $19 46. Kg4 $2 (46. Rh7 Rc2 47. Rxh6+ Ke7 48. Bh5) 46... a4 47. Rh7 $2 (47. Bxc6 Nxc6 48. Ra6) 47... a3 48. Rxh6+ Ke7 49. Bxc6 Re2 {[%emt 0:00:39] Inhibits Be4. Hoping for ...a2.} 50. Bb5 Re1 51. Rh8 Kf6 (51... Kd6 $142 52. Rd8+ Kc7) 52. Bc4 Re4+ {[%emt 0:00:08] Black mates.} 53. Kh5 Rxc4 54. Ra8 a2 55. g4 Rc1 56. g5+ Ke6 {[%emt 0:00:08] Weighted Error Value: White=0.55/Black=0.14 (very precise) .  Mistake:       	White=4     	---        Inaccurate:     	White=2     	Black=3      OK:         	White=13    	Black=14     Best:        	White=9     	Black=5      Strong:       	---       	Black=4      Brilliant:      	---       	Black=2} 0-1

[Event "WR Chess Masters Cup 2024"]
[Site "London"]
[Date "2024.10.14"]
[Round "1.2"]
[White "Vaishali, Rameshbabu"]
[Black "Firouzja, Alireza"]
[Result "1/2-1/2"]
[ECO "C50"]
[WhiteElo "2487"]
[BlackElo "2767"]
[Annotator "TA"]
[PlyCount "90"]
[EventDate "2024.10.12"]
[EventType "k.o."]
[EventCountry "ENG"]
[SourceTitle "playchess.com"]
[Source "ChessBase"]
[SourceQuality "1"]
[TimeControl "30/3600:20/1800:1800"]

1. e4 e5 2. Nf3 Nc6 3. Bc4 Nf6 4. d3 Bc5 5. Nc3 a6 6. a4 d6 7. Be3 Be6 8. O-O {[%emt 0:11:44] White has an edge.} Bxc4 9. dxc4 Bb4 10. Nd5 {[%emt 0:05:45] [#] Threatens to win with c3.} Nd7 11. Ne1 Bxe1 12. Qxe1 Ne7 (12... b6 $11) 13. a5 Nxd5 14. cxd5 O-O 15. Qb4 Qc8 16. Ra3 {[%emt 0:00:33] White is much more active.} f5 17. exf5 Nf6 18. c4 Qxf5 19. Qxb7 Qd7 20. Qb4 Rab8 21. Qd2 Qf5 22. h3 {[%emt 0:00:31] Inhibits Ng4.} (22. b4 $18) 22... Ne4 $16 23. Qc2 h5 {[%emt 0:01:47] [#]} (23... Ng3 $16 {was called for.} 24. Rc1 (24. fxg3 $2 Qxc2 25. Rxf8+ Kxf8 $19) 24... Qxc2 25. Rxc2 Nf5) 24. Rb3 $2 (24. Ba7 $1 $18 Rb7 25. Rf3) 24... Rxb3 (24... Ng3 $1 $11 {and Black has nothing to worry.} 25. Qxf5 (25. fxg3 $2 Qxc2 26. Rxb8 Rxb8 $19) 25... Nxf5 26. Rxb8 Rxb8) 25. Qxb3 $18 g5 26. Qd3 g4 27. h4 Rb8 (27... Ng3 $16 28. Qxf5 (28. fxg3 $2 Qxd3 29. Re1 Rb8 $19) 28... Nxf5) 28. b3 $2 (28. Qb1 $18) 28... Ng3 $1 $11 29. Rd1 (29. fxg3 Qxd3 30. Bg5 Rxb3 31. Bc1 Qxg3 32. c5 Qxh4 33. Bh6 g3 (33... dxc5 {is a self mate.} 34. Rf8+ Kh7 35. Bg5 Qxg5 36. Rf1 g3 37. Rf7+ Kg8 38. Rf1 Qh4 39. Rc1 Qh2+ 40. Kf1 Re3 41. Rxc5 Qh1#) 34. Rf8+ Kh7 35. Kf1 Qc4+ (35... Kxh6 {leads to mate.} 36. Rh8+ Kg7 37. Rh7+ Kxh7 38. Ke2 Qe4+ 39. Kd1 Qd3+ 40. Ke1 Rb1#) 36. Ke1 Qe4+ (36... Kxh6 37. Rh8+ Kg7 38. Rh7+ Kxh7 39. Kd1 Qd3+ 40. Ke1 Rb1#) 37. Kd1 Qd3+ (37... Kxh6 38. Rf6+ Kg5 39. Rg6+ Qxg6 40. Ke1 Qd3 41. cxd6 Rb1#) 38. Ke1 Rb1+) (29. Qxf5 {simplifies} Nxf5 30. Rb1 Nxh4 31. b4) 29... Qxd3 30. Rxd3 {[%emt 0:00:18][%mdl 4096] Endgame. KRB-KRN} e4 31. Rd2 {[%emt 0:00:00] Prevents Ne2+} Nf5 (31... Rxb3 $11 32. fxg3 Rxe3) 32. Rb2 $16 Nxh4 33. b4 {[%emt 0:02:55] aiming for b5.} Nf5 34. b5 ({White should try} 34. Bg5 $16) 34... Nxe3 $11 {[%emt 0:11:41] The position is equal.} 35. fxe3 axb5 36. cxb5 {[%emt 0:03:30] Kh2 would now be deadly. KR-KR} g3 37. b6 cxb6 38. axb6 Kf7 39. b7 Kf6 40. Rb6 Ke5 41. Rb5 h4 42. Kf1 Kf5 43. Rb4 Ke5 44. Rb5 Kf5 45. Rb4 Ke5 {[%emt 0:09:10] Blacks defense is rewarded with a draw.   Weighted Error Value: White=0.33/Black=0.25 (precise) .  Missed win:     	White=2     	---        Mistake:       	White=2     	Black=5      Inaccurate:     	White=1     	Black=3      OK:         	White=10    	Black=13     Best:        	White=2     	Black=6      Strong:       	---       	Black=1} 1/2-1/2

[Event "WR Chess Masters Cup 2024"]
[Site "London"]
[Date "2024.10.14"]
[Round "1.2"]
[White "Kosteniuk, Alexandra"]
[Black "Abdusattorov, Nodirbek"]
[Result "0-1"]
[ECO "B06"]
[WhiteElo "2480"]
[BlackElo "2783"]
[Annotator "TA"]
[PlyCount "64"]
[EventDate "2024.10.12"]
[EventType "k.o."]
[EventCountry "ENG"]
[SourceTitle "playchess.com"]
[Source "ChessBase"]
[SourceQuality "1"]
[TimeControl "30/3600:20/1800:1800"]

1. e4 g6 2. d4 Bg7 3. Nc3 d6 4. f4 a6 5. Nf3 b5 6. Bd3 Bb7 7. e5 Nh6 8. O-O O-O 9. a4 {[%emt 0:02:02] Weiß steht etwas besser.} c5 10. dxc5 $1 b4 11. Be4 Ra7 12. Bxb7 Rxb7 13. Qd5 Rd7 14. Ne4 {[%emt 0:04:25] [#] Droht stark e6.} dxe5 15. Qc4 exf4 16. Bxf4 Nf5 17. a5 ({Besser ist} 17. c3 $14) 17... Bxb2 $15 18. Rab1 Bd4+ 19. Kh1 {[%emt 0:00:23] [#] c6 ist eine echte Drohung.} Nc6 ({Viel schlechter ist} 19... Qxa5 $6 20. c3 Bxc3 21. g4 $14 (21. Nxc3 bxc3 22. Rxb8 Rxb8 $14)) 20. Qxa6 Qa8 21. Qe2 Bg7 (21... Qxa5 22. Rbd1) ({Viel schwächer wäre} 21... Nxa5 22. Rxb4 Nc6 23. Rb6 $11) 22. Nfd2 (22. a6 $17) 22... Qxa5 23. Qf3 (23. Nb3 $17 Qa2 24. Qb5) 23... Ncd4 24. Qh3 Ne6 25. Nc4 (25. Be3 {war einen Versuch wert.}) 25... Qb5 $19 26. Nb6 (26. Ne5 $142 Rd4 (26... Nxf4 $2 27. Rxf4 Bxe5 28. Rxf5 $19) 27. Qf3) 26... Rd4 {[%emt 0:00:27] Schwarz steht klar auf Gewinn.} 27. Ng5 Nxg5 ({Schwächer ist} 27... Nxf4 28. Qxh7#) 28. Bxg5 Qxc5 29. Na4 Qxc2 30. Qb3 Qxb3 31. Rxb3 Rc8 32. g3 Rc2 {[%emt 0:00:39] Gewichteter Fehlerwert: Weiß=0.51/Schwarz=0.09 (makellos) .  Fehler:       	Weiß=5     	---        Ungenau:       	Weiß=3     	Schwarz=3     OK:         	Weiß=5     	Schwarz=10    Bester:       	Weiß=2     	Schwarz=2     Stark:        	Weiß=1     	---} 0-1

[Event "WR Chess Masters Cup 2024"]
[Site "London"]
[Date "2024.10.14"]
[Round "1.2"]
[White "Sivanandan, Bodhana"]
[Black "Erigaisi Arjun"]
[Result "0-1"]
[ECO "B06"]
[WhiteElo "2088"]
[BlackElo "2797"]
[Annotator "TA"]
[PlyCount "100"]
[EventDate "2024.10.12"]
[EventType "k.o."]
[EventCountry "ENG"]
[SourceTitle "playchess.com"]
[Source "ChessBase"]
[SourceQuality "1"]
[TimeControl "30/3600:20/1800:1800"]

1. e4 g6 2. d4 d6 3. Nc3 Bg7 4. Be3 c6 5. Qd2 b5 6. a3 Bb7 7. f3 Nd7 8. Bd3 {[%emt 0:01:56] The position is equal.} a6 9. a4 Ngf6 10. Nge2 e5 11. O-O O-O 12. axb5 axb5 13. dxe5 Nxe5 14. Bh6 $2 {[%emt 0:02:14][%mdl 8192] White does not recover from this.} (14. b4 $11 {and White stays safe.}) 14... Bxh6 15. Qxh6 Qb6+ (15... Rxa1 $142 16. Rxa1 Nfg4 17. fxg4 Nxg4) 16. Kh1 $19 Rxa1 17. Rxa1 {[%emt 0:00:27] [#]} Nfg4 $1 18. fxg4 Nxg4 {[%emt 0:00:07] ( -> ...Nf2+)} 19. Qh4 Nf2+ 20. Kg1 Nxd3+ 21. Kf1 Nxb2 22. Qf2 Qxf2+ 23. Kxf2 Ra8 24. Rxa8+ Bxa8 {[%emt 0:00:07][%mdl 4096] Endgame. KBN-KNN} 25. g3 Kg7 26. Ng1 b4 27. Nb1 Nc4 {[%emt 0:00:07] Wards off Nd2} 28. Nf3 Na3 (28... c5 29. Nbd2 Na3 30. e5 $19) 29. Nbd2 Nxc2 30. Ke2 $2 (30. e5 dxe5 31. Nxe5) 30... c5 31. Kd3 Na3 32. h4 d5 33. exd5 Bxd5 {[%emt 0:00:05] Hoping for ...f5.} 34. Ne5 {[%emt 0:00:40] [#]} c4+ $1 35. Nexc4 (35. Ke3 c3) 35... Nxc4 36. Nxc4 Bxc4+ {[%emt 0:00:06] Black mates.} 37. Kxc4 Kf6 38. Kxb4 {[%emt 0:00:21] K3P-KPP} Kf5 39. Kc5 Kg4 40. Kd6 Kxg3 {[%emt 0:00:06] KP-KP} 41. Ke5 Kxh4 42. Kf6 g5 43. Kxf7 g4 44. Kg7 g3 45. Kxh7 {[%emt 0:00:16] KP-K} g2 46. Kh6 g1=Q ({Inferior is} 46... g1=B 47. Kh7 $11) 47. Kh7 Kh5 48. Kh8 Kg6 49. Kg8 Qf2 50. Kh8 Qf8# {[%emt 0:00:00] Weighted Error Value: White=0.81/Black=0.15 (very precise) .  Loses game:     	White=1     	---        Mistake:       	White=1     	Black=1      Inaccurate:     	White=2     	---        OK:         	White=7     	Black=12     Best:        	White=2     	---} 0-1

[Event "WR Chess Masters Cup 2024"]
[Site "London"]
[Date "2024.10.15"]
[Round "2.2"]
[White "Erigaisi Arjun"]
[Black "Vidit, Santosh Gujrathi"]
[Result "1-0"]
[ECO "C67"]
[WhiteElo "2797"]
[BlackElo "2726"]
[Annotator "TA"]
[PlyCount "101"]
[EventDate "2024.10.12"]
[EventType "k.o."]
[EventCountry "ENG"]
[SourceTitle "playchess.com"]
[Source "ChessBase"]
[SourceQuality "1"]
[TimeControl "30/3600:20/1800:1800"]

1. e4 e5 2. Nf3 Nc6 3. Bb5 Nf6 4. O-O Nxe4 5. d4 Nd6 6. Ba4 {[%emt 0:00:06] C67: Ruy Lopez: Berlin Defence: 4 0-0 Nxe4.} e4 7. Re1 Be7 8. Ne5 O-O 9. Nc3 f5 10. Bf4 $5 {[%emt 0:00:07][%mdl 4] Leaves trodden paths.} Nxe5 11. dxe5 Nf7 12. Bb3 Kh8 13. Bxf7 Rxf7 14. Qh5 Kg8 $146 ({Predecessor:} 14... Qf8 15. Rad1 b6 16. Nd5 Bd8 17. Bg5 g6 18. Qh4 Bxg5 19. Qxg5 d6 20. Nf4 Bb7 21. exd6 cxd6 {1-0 Naroditsky,D (2622)-Ippolito,D (2381) Charlotte op 2023 (6)}) 15. Nd5 d6 16. Rad1 (16. Nxe7+ {simplifies} Qxe7 17. exd6 cxd6 18. Rad1) 16... Be6 17. Nxe7+ Qxe7 18. exd6 cxd6 19. Rxd6 Rd8 20. Red1 Rxd6 21. Rxd6 Rf8 22. Qd1 Re8 23. Qd4 a6 24. c4 Qf7 25. b3 Re7 26. Rd8+ Re8 27. Be5 g5 28. h4 gxh4 29. Qd2 f4 30. Bxf4 Qe7 31. Rxe8+ Qxe8 32. Bh6 Qe7 33. Qf4 Bd7 34. Bg5 Qe6 35. Bxh4 (35. Bh6 Qf5 36. Qxh4 Qg4 37. Qd8+ Kf7 38. Qf8+ Ke6) 35... e3 36. f3 ({Don't play} 36. Qxe3 Qxe3 37. fxe3 Bf5 $16) 36... e2 37. Be1 Qb6+ 38. Kh2 Qg6 39. Qd2 Qe6 40. Kg1 (40. Qg5+ Kf7 41. Qf4+ Ke8) 40... b5 41. c5 a5 42. Kf2 b4 43. Qg5+ Kf7 44. Qf4+ Kg6 (44... Qf6 {keeps fighting.} 45. Qc7 Qh4+ 46. g3 (46. Kxe2 Qe7+ 47. Kf2 Bb5 $16) 46... Qh2+ 47. Ke3 Qh6+ 48. Kxe2 Qa6+ 49. Kf2 Ke8 50. Qb8+ Kf7) 45. Qg3+ $18 Kf6 46. Qc7 Qd5 47. Qxa5 Qd4+ 48. Kxe2 Qe5+ 49. Kf1 Bf5 50. Qxb4 Bd3+ 51. Kf2 1-0

[Event "WR Chess Masters Cup 2024"]
[Site "London"]
[Date "2024.10.15"]
[Round "2.2"]
[White "Abdusattorov, Nodirbek"]
[Black "Vachier-Lagrave, Maxime"]
[Result "1/2-1/2"]
[ECO "D85"]
[WhiteElo "2783"]
[BlackElo "2735"]
[Annotator "TA"]
[PlyCount "60"]
[EventDate "2024.10.12"]
[EventType "k.o."]
[EventCountry "ENG"]
[SourceTitle "playchess.com"]
[Source "ChessBase"]
[SourceQuality "1"]
[TimeControl "30/3600:20/1800:1800"]

1. d4 Nf6 2. c4 g6 3. Nc3 d5 4. cxd5 Nxd5 5. Bd2 c5 6. dxc5 Bg7 7. Qc1 O-O 8. e4 {[%emt 0:04:39] Prevents Bf5.} Nb4 9. a3 Nd3+ 10. Bxd3 Qxd3 11. Nge2 $1 Nd7 12. Be3 Qc4 13. O-O Nxc5 {[%emt 0:00:03] [#] ...Nb3 would now be deadly.} 14. Nd5 Qxe2 15. Qxc5 (15. Nxe7+ Kh8 16. Bxc5 (16. Qxc5 b6 $11) 16... Be6) 15... b6 16. Qxe7 Qxb2 17. Bf4 {[%emt 0:00:48] [#] And now Rfb1 would win.} Be6 $1 18. Rab1 Qd4 19. Rb4 $132 {[%emt 0:02:02][%mdl 2048] White is not keeping still} Qd3 20. Nc7 Bc4 21. Rxc4 $1 ({Of course not} 21. Rc1 Rad8 22. h3 (22. Rbxc4 $2 Qd1+ 23. Rxd1 Rxd1#) 22... b5 $17 (22... Qxa3 23. Rcxc4 a5 24. Be5 $11)) 21... Qxc4 22. Nxa8 Rxa8 23. Rd1 Bf8 24. Qf6 {[%emt 0:03:57] White threatens Be5 and mate.} Qb3 (24... Qxe4 $2 {loses.} 25. Be5 $18) 25. Rf1 {[%emt 0:01:06] White wants to mate with Be5. The position is equal.} Qe6 ({Not} 25... Qxa3 26. Be5 h6 27. Qh8#) 26. Qxe6 fxe6 27. a4 Rc8 28. Rc1 {[%emt 0:00:00] Wards off Rc4} Rxc1+ 29. Bxc1 a6 30. Kf1 Kf7 {[%emt 0:00:00] Weighted Error Value: White=0.06 (flawless) /Black=0.05 (flawless) .  Inaccurate:     	White=2     	Black=2      OK:         	White=11    	Black=10     Best:        	White=2     	Black=1      Strong:       	White=2     	Black=1} 1/2-1/2

[Event "WR Chess Masters Cup 2024"]
[Site "London"]
[Date "2024.10.15"]
[Round "2.2"]
[White "Firouzja, Alireza"]
[Black "Sadhwani, Raunak"]
[Result "1/2-1/2"]
[ECO "D41"]
[WhiteElo "2767"]
[BlackElo "2659"]
[Annotator "TA"]
[PlyCount "42"]
[EventDate "2024.10.12"]
[EventType "k.o."]
[EventCountry "ENG"]
[SourceTitle "playchess.com"]
[Source "ChessBase"]
[SourceQuality "1"]
[TimeControl "30/3600:20/1800:1800"]

1. d4 Nf6 2. c4 e6 3. Nf3 d5 4. Nc3 c5 5. cxd5 cxd4 6. Qxd4 exd5 7. e4 dxe4 8. Qxd8+ Kxd8 9. Ng5 {[%emt 0:00:09][%csl LRe4,LRf7] Weiß steht etwas besser.} Be6 10. Nxe6+ fxe6 11. Bg5 Nc6 12. O-O-O+ Kc7 13. Bc4 Re8 14. Rhe1 Bb4 15. Bxf6 gxf6 16. Rxe4 Bxc3 17. bxc3 Nd8 18. Rde1 Kd6 19. Rd1+ Kc7 20. Rde1 Kd6 21. Rd1+ Kc7 {[%emt 0:00:03] Gewichteter Fehlerwert: Weiß=0.10 (sehr präzise) /Schwarz=0.03 (makellos) .  Ungenau:       	---       	Schwarz=1     OK:         	Weiß=8     	Schwarz=6     Bester:       	---       	Schwarz=2} 1/2-1/2